 Dungeon Crawl Stone Soup version 0.31.0-12-g77e489cdc1 (webtiles) character file.

Game seed: 161534374130118410

81 Metae the Ruffian (level 4, -4/36 HPs)
             Began as a Draconian Shapeshifter on Feb 22, 2024.
             Splashed by a jelly's acid (12 damage)
             ... on level 4 of the Dungeon on Feb 23, 2024.
             The game lasted 00:05:05 (1420 turns).

Metae the Ruffian (Draconian Shapeshifter)          Turns: 1420, Time: 00:05:10

Health: -4/36      AC: -3    Str: 18    XL:     4   Next: 19%
Magic:  4/4        EV: 12    Int: 10    God:
Gold:   46         SH:  0    Dex: 11    Spells: 3/3 levels left

rFire   . .          .
                       - Unarmed
rCold   . . .        (no shield)
rNeg    . . .        (body armour unavailable)
rPois   .            (helmet currently unavailable)
rElec   .            (cloak currently unavailable)
rCorr   .            (gloves currently unavailable)
SInv    .            (boots currently unavailable)
Will    .....        (no amulet)
Stlth   +            (no ring)
HPRegen 0.26/turn    (no ring)
MPRegen 0.09/turn

%: no passive effects
@: beast-form, corroded
A: beast (slay +1), AC +5, unfitting armour, cold-blooded
a: Begin Untransformation


You were on level 4 of the Dungeon.
You were a hulking beast.
You visited 1 branch of the dungeon, and saw 3 of its levels.

You collected 46 gold pieces.

Inventory:

Missiles
 i - 12 stones (quivered)
Jewellery
 p - an amulet of faith
Talismans
 b - a beast talisman
 c - a flux talisman
Scrolls
 d - 2 scrolls of blinking
 e - a scroll of identify
 g - a scroll of enchant weapon
 h - a scroll of enchant armour
 j - a scroll of revelation {unknown}
 l - 2 scrolls of teleportation {unknown}
 n - a scroll of brand weapon {unknown}
 q - a scroll of fog {unknown}
 r - a scroll of amnesia {unknown}
Potions
 a - a potion of lignification
 f - 3 potions of curing {unknown}
 k - a potion of enlightenment {unknown}
 m - a potion of mutation {unknown}
 o - 2 potions of ambrosia {unknown}


   Skills:
 + Level 2.2 Fighting
 + Level 2.4 Dodging
 + Level 1.0 Stealth
 + Level 3.5 Unarmed Combat
 + Level 3.4 Shapeshifting


You had 3 spell levels left.
You didn't know any spells.
Your spell library was empty.

Dungeon Overview and Level Annotations

Branches:
Dungeon (2/15)

Altars:


Innate Abilities, Weirdness & Mutations

You are a hulking beast.
Your limbs bulge with bestial killing power. (Slay +1)
Your plain brown scales are hard. (AC +5)
You cannot fit into any form of body armour.
You are cold-blooded and may be slowed by cold attacks.


Message History

The jelly is almost dead.
The jelly barely misses you.
You completely miss the jelly.
The jelly is almost dead.
The jelly closely misses you.
You hit the jelly.
You kill the jelly!
Your Stealth skill increases to level 1!
You have reached level 4!
You feel agile.
Found a stone staircase leading up.
Found a leather armour.
Found a leather armour.
You enter the shallow water.
Moving in this stuff is going to be slow.
You now have 46 gold pieces (gained 5).
A jelly comes into view.
A jelly is nearby!
The jelly quivers.
You see here a book of the Earth.
You hit the jelly but do no damage.
Your hands burn!
The jelly hits you but does no damage.
You hit the jelly.
Your hands burn!
The jelly is lightly wounded.
The jelly hits you. The acid corrodes you!
You are splashed with acid!
You hit the jelly but do no damage.
Your hands burn!
The jelly is lightly wounded.
The jelly hits you. The acid corrodes you!
You are splashed with acid!
You are too injured to fight recklessly!
You are too injured to fight recklessly!
You are too injured to fight recklessly!
You hit the jelly but do no damage.
Your hands burn!
The jelly is lightly wounded.
You hit the jelly.
Your hands burn!
You tail-slap the jelly, but do no damage.
The jelly is moderately wounded.
The jelly hits you.
* * * LOW HITPOINT WARNING * * *
You are splashed with acid!
You die...

#.^.....≈≈~~.
#.~~~~....... .
#.~~≈≈.~≈~≈~. ..
#.~≈≈≈.~≈≈≈~. ...
#.≈≈≈~.~≈≈≈~. ....
#.~≈≈~.~~~~~. .....
#.[..........
#....##############.###
#...Jh....#...........
#............##########
###.####.....# # #
##....# # #.....# #
#.....# # ###...# #
#...# # ....#


You could see a jelly.

Vanquished Creatures
  A jelly (D:4)
  A gnoll (D:1)
  2 adders (D:4)
  A ball python (D:1)
  2 endoplasms (D:1)
  A giant cockroach (D:2)
  4 goblins
  3 hobgoblins
  4 kobolds
  2 quokkas (D:1)
  A bat (D:1)
  A frilled lizard (D:1)
  3 rats (D:1)
26 creatures vanquished.

Notes
Turn   | Place    | Note
-------+----------+-------------------------------------------
     0 | D:1      | Metae the Draconian Shapeshifter began the quest for the
                  | Orb.
     0 | D:1      | Reached XP level 1. HP: 16/16 MP: 1/1
   448 | D:1      | Reached XP level 2. HP: 23/23 MP: 2/2
   813 | D:1      | Reached XP level 3. HP: 26/29 MP: 3/3
  1116 | D:2      | You fall into a shaft and drop 2 floors!
  1354 | D:4      | Reached skill level 1 in Stealth
  1354 | D:4      | Reached XP level 4. HP: 31/36 MP: 4/4
  1420 | D:4      | Splashed by a jelly's acid

Illustrated notes

Levels and vault maps discovered:
D:1:      orjb1_lava_funnel, layout_loops_corners
D:2:      wander_river, layout_basic, guppyfry_early_orc_mine, uniq_robin
D:4:      layout_basic, serial_rivers, chequers_serial_rivers_small_3,
          chequers_serial_rivers_room_b, chequers_serial_rivers_room_a,
          chequers_serial_rivers_room_a, amcnicky_mini_rare_corridor_liquid,
          nicolae_shop_i_like_big_books, minivault_14, hangedman_decor_growths,
          uniq_menkaure, uniq_grinder, uniq_ijyb

Skill      XL: |  1  2  3 |
---------------+----------+-----
Dodging        | 2 |  2.4
Fighting       | 2 |  2.2
Stealth        | 1 |  1.0
Unarmed Combat | |  3.5
Shapeshifting  | |  3.4

Action                     |  1- 3 |  4- 6 || total
---------------------------+-------+-------++-------
  Melee: Unarmed           |    71 |     5 ||    76
         Punch             |     4 |       ||     4
         Tailslap          |     6 |     1 ||     7
    Use: Scroll            |     3 |       ||     3
 Armour: Skin              |    32 |     4 ||    36
  Dodge: Dodged            |    46 |       ||    46
